 Dungeon Crawl Stone Soup version 0.21-a0-529-g8c7b3f5 (webtiles) character file.

4972 tsouns the Merchant of Misery (level 10, -6/63 HPs)
             Began as a Demonspawn Necromancer on Dec 9, 2017.
             Was a Believer of Kikubaaqudgha.
             Mangled by a two-headed ogre
             ... wielding a +0 giant club
              (35 damage)
             ... on level 9 of the Dungeon on Dec 10, 2017.
             The game lasted 00:43:53 (8600 turns).

tsouns the Merchant of Misery (DsNe)                Turns: 8600, Time: 00:43:55

Health: -6/63      AC:  6    Str: 10    XL:     10   Next: 28%
Magic:  13/23      EV: 12    Int: 19    God:    Kikubaaqudgha [**....]
Gold:   450        SH:  0    Dex: 13    Spells: 12/28 levels left

rFire    + . .     SeeInvis .   g - +3 whip (elec)
rCold    . . .     Gourm    .   (no shield)
rNeg     . . .     Faith    .   a - +0 robe
rPois    .         Spirit   .   (helmet unavailable)
rElec    .         Reflect  .   (no cloak)
rCorr    .         Harm     .   u - +0 pair of gloves
MR       .....                  q - +0 pair of boots
Stlth    ++........             (no amulet)
HPRegen  0.20/turn              d - ring of protection from fire
MPRegen  0.18/turn              (no ring)

@: no status effects
A: horns 3, iridescent scales 1, demonic guardian 1, powered by death 1
a: Receive Corpses, Renounce Religion


You were on level 9 of the Dungeon.
You worshipped Kikubaaqudgha.
Kikubaaqudgha was pleased with you.
You were hungry.

You visited 2 branches of the dungeon, and saw 10 of its levels.

You collected 474 gold pieces.
You spent 24 gold pieces at shops.

Inventory:

Hand Weapons
 g - a +3 whip of electrocution (weapon)
 t - a +1 mace of crushing
 y - a +0 whip of flaming
Missiles
 f - 4 throwing nets (quivered)
Armour
 a - a +0 robe (worn)
 q - a +0 pair of boots (worn)
 u - a +0 pair of gloves (worn)
Jewellery
 d - a ring of protection from fire (left hand)
Wands
 s - a wand of digging (35)
 v - a wand of flame (56)
 B - a wand of random effects (13)
Scrolls
 h - a scroll of blinking
 n - 2 scrolls of identify
 o - a scroll of amnesia
 w - a scroll of teleportation
 z - 2 scrolls of remove curse
Potions
 e - 2 potions of flight
 i - 3 potions of might
 j - 6 potions of curing
 l - 3 potions of agility
 p - 4 potions of heal wounds
 r - 2 potions of haste
 x - 2 potions of ambrosia
 A - a potion of lignification
Books
 b - a book of Necromancy

   Spells                             Type                      Level
   a - Pain                           Necromancy                   1
   b - Animate Skeleton               Necromancy                   1
   c - Vampiric Draining              Necromancy                   3
   d - Regeneration                   Charms/Necromancy            3
   e - Animate Dead                   Necromancy                   4
   f - Control Undead                 Necromancy                   4
 k - Kikubaaqudgha's Compendium of Necromancy
   (Kikubaaqudgha gifted it to you on level 6 of the Dungeon)

   Spells                             Type                      Level
   a - Pain                           Necromancy                   1
   b - Corpse Rot                     Necromancy                   2
   c - Sublimation of Blood           Necromancy                   2
   d - Vampiric Draining              Necromancy                   3
   e - Control Undead                 Necromancy                   4
Comestibles
 c - 5 bread rations
 m - 4 meat rations


   Skills:
 - Level 4.6 Maces & Flails
 - Level 1.7 Dodging
 - Level 1.7 Stealth
 + Level 9.5 Spellcasting
 + Level 11.7 Necromancy


You had 12 spell levels left.
You knew the following spells:

 Your Spells              Type           Power        Failure   Level  Hunger
a - Pain                  Necr           ####         1%          1    None
b - Animate Skeleton      Necr           N/A          1%          1    None
c - Vampiric Draining     Necr           ######....   1%          3    None
d - Animate Dead          Necr           N/A          1%          4    ###....
e - Regeneration          Chrm/Necr      ####......   1%          3    None
f - Control Undead        Necr           ######....   1%          4    ###....


Dungeon Overview and Level Annotations

Branches:
Dungeon (9/15)             Temple (1/1) D:4
   Lair: D:8-11         Orc: D:9-12

Altars:
Ashenzari
Cheibriados
Dithmenos
Elyvilon
Fedhas
Gozag
Hepliaklqana
Kikubaaqudgha
Makhleb
Nemelex Xobeh
Okawaru
Qazlal
Ru
Sif Muna
Trog
Uskayaw
Vehumet
Wu Jian
Xom
Yredelemnul
Zin
The Shining One

Shops:
D:5 *   D:8 }


Innate Abilities, Weirdness & Mutations

You have a pair of large horns on your head.
You are partially covered in iridescent scales. (AC +2)
A weak demonic guardian rushes to your aid.
You regenerate a little health from kills.


Message History

Aim: a two-headed ogre, wielding a giant club and a giant spiked club (chance to defeat MR: 71%)
The two-headed ogre struggles to resist.
Your orc zombie hits the two-headed ogre with a mace of protection.
You hit the two-headed ogre.
The two-headed ogre is lightly wounded.
The two-headed ogre hits you with a giant club!
The two-headed ogre hits you but does no damage.
Your orc zombie hits the two-headed ogre with a mace of protection.
Casting: Pain
Confirm with . or Enter, or press ? or * to list all spells.
Aiming: Vampiric Draining
Press: ? - help, Shift-Dir - straight line, f/p - two-headed ogre
Aim: a two-headed ogre, wielding a giant club and a giant spiked club (lightly wounded)
The two-headed ogre is moderately wounded.
You feel life coursing into your body.
The two-headed ogre hits you with a giant club!!
The two-headed ogre hits you with a giant spiked club!!
Ouch! That really hurt!
You die...
Kikubaaqudgha rasps: "You have failed me!
Welcome... death!"

#.# #Z# ######Z# #Z#
#......# #.# #.....Z#
#Z# #......# #Z#### #
#############Z# #ZZ.Z.
.=.......Z.Z....# #..ZZ.
....####..#####.# #.....
......†@%...##### #.....
..P?..OZ................
.%%....Z.P..#########.##
...%.....%%.... #.#
#.#.#++#.#.#### #.# # ##
##### .. .


You could see a two-headed ogre, a friendly sky beast zombie, 2 friendly orc
zombies and a friendly orc wizard zombie.

Vanquished Creatures
  A two-headed ogre (D:8)
  Pikel (D:6)
  Grinder (D:4)
  3 hippogriffs
  Eustachio (D:7)
  A wyvern (D:9)
  2 hungry ghosts (D:8)
  Menkaure (D:4)
  A black bear (D:4)
  An orc warrior (D:6)
  2 ice beasts
  A slave (D:6)
  2 phantoms (D:8)
  A sky beast (D:9)
  A necrophage (D:9)
  2 ogres
  A centaur (D:8)
  Blork the orc (D:4)
  2 bullfrogs
  A gnoll sergeant (D:5)
  2 scorpions
  2 wights (D:6)
  2 howler monkeys (D:8)
  4 crimson imps
  3 jellies (D:8)
  4 hounds
  An orc priest (D:8)
  Ijyb (D:3)
  4 iguanas
  4 orc wizards
  5 worker ants
  A hound zombie (D:8)
  6 gnolls
  11 adders
  4 shadow imps
  An ooze (D:4)
  An adder zombie (D:8)
  2 adder skeletons
  5 worms
  3 dart slugs
  8 leopard geckos
  29 orcs
  8 giant cockroaches
  16 goblins
  10 hobgoblins
  16 jackals
  9 quokkas
  10 bats
  9 frilled lizards
  A jackal skeleton (D:4)
  12 kobolds
  5 rats
  2 plants (D:3)
228 creatures vanquished.

Vanquished Creatures (collateral kills)
  A hungry ghost (D:8)
  A wyvern zombie (D:8)
  3 wights (D:6)
  2 howler monkeys (D:8)
  Terence (D:3)
  A hound zombie (D:8)
  2 gnolls (D:5)
  An adder (D:6)
  A worm (D:6)
  2 orcs
  A bat (D:2)
  A giant cockroach (D:6)
  2 goblins (D:3)
  2 jackals (D:6)
  A rat (D:1)
22 creatures vanquished.

Vanquished Creatures (others)
  A slave (D:6)
  An orc wizard (D:9)
  An orc (D:6)
3 creatures vanquished.

Grand Total: 253 creatures vanquished

Notes
Turn   | Place    | Note
-------+----------+-------------------------------------------
     0 | D:1      | tsouns the Demonspawn Necromancer began the quest for the Orb.
     0 | D:1      | Reached XP level 1. HP: 13/13 MP: 3/3
   110 | D:1      | Gained mutation: A weak demonic guardian rushes to your aid. [demonic ancestry]
   110 | D:1      | Reached XP level 2. HP: 15/19 MP: 1/5
   196 | D:1      | Learned a level 1 spell: Animate Skeleton
   560 | D:1      | Gained mutation: You are partially covered in iridescent scales. (AC +2) [demonic ancestry]
   560 | D:1      | Reached XP level 3. HP: 7/24 MP: 1/6
   782 | D:1      | Learned a level 3 spell: Vampiric Draining
   803 | D:1      | Reached skill level 1 in Maces & Flails
  1035 | D:2      | Reached skill level 5 in Necromancy
  1353 | D:2      | Gained mutation: You regenerate a little health from kills. [demonic ancestry]
  1353 | D:2      | Reached XP level 4. HP: 27/30 MP: 3/8
  1432 | D:2      | You fall through a shaft for 2 floors!
  1496 | D:3      | Noticed Terence
  1506 | D:3      | Killed Terence
  1533 | D:3      | Noticed Ijyb
  1545 | D:3      | Killed Ijyb
  1846 | D:3      | Gained mutation: You have a pair of small horns on your head. [demonic ancestry]
  1846 | D:3      | Reached XP level 5. HP: 26/35 MP: 9/9
  2113 | D:2      | Found an opulent altar of Gozag.
  2200 | D:2      | Found a glowing silver altar of Zin.
  3657 | D:4      | Noticed a black bear
  3666 | D:4      | Killed a black bear
  3666 | D:4      | Reached skill level 6 in Necromancy
  3666 | D:4      | Reached XP level 6. HP: 40/41 MP: 9/11
  3677 | D:4      | Learned a level 4 spell: Animate Dead
  3681 | D:4      | Learned a level 3 spell: Regeneration
  3729 | D:4      | Found a staircase to the Ecumenical Temple.
  3742 | Temple   | Entered the Ecumenical Temple
  3878 | D:4      | Noticed Blork the orc
  3890 | D:4      | Killed Blork the orc
  3988 | D:4      | Noticed Grinder
  4030 | D:4      | Killed Grinder
  4030 | D:4      | Reached XP level 7. HP: 46/46 MP: 9/13
  4094 | D:4      | Noticed Menkaure
  4104 | D:4      | Killed Menkaure
  4125 | D:4      | Reached skill level 7 in Necromancy
  4210 | D:4      | Found a shadowy altar of Dithmenos.
  4323 | D:5      | Entered Level 5 of the Dungeon
  4461 | D:5      | Found Feklil's General Store.
  4476 | D:5      | Reached skill level 5 in Spellcasting
  4490 | D:5      | Bought a scroll of identify for 24 gold pieces
  4725 | D:5      | Gained mutation: You have a pair of horns on your head. [demonic ancestry]
  4725 | D:5      | Reached XP level 8. HP: 27/52 MP: 6/15
  5106 | D:5      | Found a snail-covered altar of Cheibriados.
  5481 | D:6      | Found an ancient bone altar of Kikubaaqudgha.
  5487 | D:6      | Became a worshipper of Kikubaaqudgha
  5541 | D:6      | Reached skill level 8 in Necromancy
  5602 | D:6      | Noticed Pikel
  5617 | D:6      | Killed Pikel
  5648 | D:6      | Reached skill level 9 in Necromancy
  5959 | D:6      | Found a deep blue altar of Sif Muna.
  5970 | D:6      | Learned a level 4 spell: Control Undead
  5996 | D:6      | Found a hide-covered altar of Uskayaw.
  5998 | D:6      | Found a hazy altar of Hepliaklqana.
  6008 | D:6      | Reached * piety under Kikubaaqudgha
  6008 | D:6      | Identified Kikubaaqudgha's Compendium of Necromancy (Kikubaaqudgha gifted it to you on level 6 of the Dungeon)
  6008 | D:6      | Received a gift from Kikubaaqudgha
  6011 | D:6      | Gained mutation: You have a pair of large horns on your head. [demonic ancestry]
  6011 | D:6      | Reached XP level 9. HP: 44/57 MP: 19/19
  6454 | D:7      | Noticed Eustachio
  6471 | D:7      | Killed Eustachio
  7151 | D:8      | Reached skill level 10 in Necromancy
  7169 | D:8      | Found Coimuaw's Gadget Shop.
  7194 | D:8      | Found a glowing golden altar of the Shining One.
  7503 | D:8      | Noticed a two-headed ogre
  7503 | D:8      | Reached ** piety under Kikubaaqudgha
  7514 | D:8      | Killed a two-headed ogre
  7514 | D:8      | Reached skill level 11 in Necromancy
  7579 | D:8      | Found an opulent altar of Gozag.
  7602 | D:8      | Reached XP level 10. HP: 45/63 MP: 11/23
  7804 | D:8      | Found a shimmering altar of Xom.
  7804 | D:8      | Found a shimmering altar of Xom.
  7806 | D:8      | Found a white marble altar of Elyvilon.
  7806 | D:8      | Found a bloodstained altar of Trog.
  7806 | D:8      | Found a hide-covered altar of Uskayaw.
  8592 | D:9      | Noticed a two-headed ogre
  8600 | D:9      | Mangled by a two-headed ogre

Vault maps used:
D:1:      dpeg_arrival_rooms_a
D:2:      lemuel_coloured_pillars_altar,
          nicolae_gozag_cash_rules_everything_around_me, first_bread,
          st_stairs_13, minmay_goblin_outpost
D:3:      wad_crossroads, serial_forest, infiniplex_forest_lined_2,
          infiniplex_forest_clump_tiny, infiniplex_forest_clump_large,
          infiniplex_forest_straight_1, infiniplex_forest_clump_small,
          infiniplex_forest_clump_diagonal, infiniplex_forest_straight_2,
          infiniplex_forest_straight_5, infiniplex_forest_straight_5,
          infiniplex_forest_clump_small, uniq_ijyb, uniq_terence
D:4:      grunt_dithmenos_smoke, temple_hall, uniq_blork_the_orc, uniq_menkaure,
          uniq_grinder
D:5:      marbit_many_paths, serial_shops, nicolae_shop_waterfront,
          lightli_minifort
D:6:      grunt_temple_overflow_open, kiku_gazebo_garden_becter, uniq_eustachio,
          uniq_pikel, uniq_duvessa
D:7:      minmay_door_square
D:8:      lemuel_round_altar, doesnt_xom_only_xom, serial_shops, shop
D:9:      blue_anna_alchemist
Temple:   chequers_temple_sunken

Skill      XL: |  1  2  3  4  5  6  7  8  9 |
---------------+----------------------------+-----
Maces & Flails | 1 2 3 4 |  4.6
Necromancy     | 5 6 7 9 11 | 11.7
Spellcasting   | 3 4 5 7 9 |  9.5
Dodging        | |  1.7
Stealth        | |  1.7

Action                   |  1- 3 |  4- 6 |  7- 9 | 10-12 || total
-------------------------+-------+-------+-------+-------++-------
Melee: Unarmed           |     8 |       |       |       ||     8
       Whip              |    36 |   180 |   198 |   111 ||   525
       Headbutt          |       |    14 |    21 |    17 ||    52
Throw: Throwing net      |       |     3 |       |       ||     3
 Cast: Pain              |    57 |    50 |    52 |    17 ||   176
       Animate Skeleton  |    11 |    24 |    20 |     1 ||    56
       Vampiric Draining |     1 |     6 |    31 |    13 ||    51
       Regeneration      |       |     1 |     1 |     1 ||     3
       Animate Dead      |       |       |     4 |     3 ||     7
       Control Undead    |       |       |     1 |       ||     1
Invok: Receive Corpses   |       |       |       |     1 ||     1
Evoke: Wand              |       |       |    12 |       ||    12
  Use: Scroll            |       |    11 |     8 |       ||    19
 Stab: Sleeping          |     1 |     4 |     5 |       ||    10
       Distracted        |       |     1 |     3 |       ||     4
  Eat: Chunk             |     2 |     9 |    10 |     2 ||    23
       Fruit             |       |       |     3 |       ||     3
       Royal jelly       |       |       |     2 |     2 ||     4
Armor: Robe              |     6 |    35 |    44 |    34 ||   119
Dodge: Dodged            |    36 |   114 |    97 |    57 ||   304

Table legend:
 A = Spawn XP
 B = Non-spawn XP
 C = Spawn XP percentage of total XP
 D = Spawn monster count
 E = Non-spawn monster count
 F = Spawn count percentage of total count
 G = Total turns spent on level
                    A         B        C        D         E        F      G
               +---------+---------+-------+---------+---------+-------+---------
         Total |       0 |    7104 |   0.0 |       0 |     248 |   0.0 |  8600
               +---------+---------+-------+---------+---------+-------+---------
           D:1 |       0 |      58 |   0.0 |       0 |      32 |   0.0 |  1034
           D:2 |       0 |     153 |   0.0 |       0 |      43 |   0.0 |  1399
           D:3 |       0 |     132 |   0.0 |       0 |      26 |   0.0 |  1189
           D:4 |       0 |     781 |   0.0 |       0 |      27 |   0.0 |   646
           D:5 |       0 |     598 |   0.0 |       0 |      21 |   0.0 |  1141
           D:6 |       0 |    1164 |   0.0 |       0 |      29 |   0.0 |   809
           D:7 |       0 |     401 |   0.0 |       0 |      16 |   0.0 |   752
           D:8 |       0 |    2948 |   0.0 |       0 |      39 |   0.0 |  1122
           D:9 |       0 |     869 |   0.0 |       0 |      15 |   0.0 |   453
               +---------+---------+-------+---------+---------+-------+---------
